 Dungeon Crawl Stone Soup version 0.29.1-12-g30fa7ad0bf (webtiles) character file.

Game seed: 12382183716491282104

13 GigaChad the Trooper (level 2, 0/27 HPs)
             Began as a Minotaur Fighter on Dec 13, 2022.
             Slain by a gnoll
             ... wielding a +0 spear
              (1 damage)
             ... on level 2 of the Dungeon.
             The game lasted 00:03:06 (757 turns).

GigaChad the Trooper (Minotaur Fighter)              Turns: 757, Time: 00:03:06

Health: 0/27       AC:  7    Str: 20    XL:     2   Next: 24%
Magic:  1/1        EV:  9    Int:  5    God:
Gold:   67         SH:  4    Dex:  9    Spells: 1/1 levels left

rFire   . . .      SeeInvis .   a - +0 war axe
rCold   . . .      Faith    .   c - +0 buckler
rNeg    . . .      Spirit   .   b - +0 scale mail
rPois   .          Reflect  .   (helmet restricted)
rElec   .          Harm     .   (no cloak)
rCorr   .          Rampage  .   (no gloves)
Will    .....                   (no boots)
Stlth   ..........              (no amulet)
HPRegen 0.09/turn               (no ring)
MPRegen 0.07/turn               (no ring)

@: no status effects
A: horns 2, retaliatory headbutt
a: no special abilities


You were on level 2 of the Dungeon.
You visited 1 branch of the dungeon, and saw 2 of its levels.

You collected 67 gold pieces.

Inventory:

Hand Weapons
 a - a +0 war axe (weapon)
Armour
 b - a +0 scale mail (worn)
 c - a +0 buckler (worn)
Jewellery
 e - a ring of protection from cold
Scrolls
 f - 2 scrolls of amnesia {unknown}
 g - 3 scrolls of identify {unknown}
 h - a scroll of teleportation {unknown}
 k - 4 scrolls of enchant armour {unknown}
 l - a scroll of blinking {unknown}
 o - 2 scrolls of butterflies {unknown}
 p - a scroll of immolation
Potions
 d - a potion of might
 i - a potion of resistance {unknown}
 j - a potion of heal wounds {unknown}
 m - a potion of haste {unknown}
 n - a potion of curing {unknown}


   Skills:
 + Level 4.1 Fighting
 + Level 2.5 Axes
 + Level 3.9 Armour
 + Level 3.7 Shields


You had one spell level left.
You didn't know any spells.
Your spell library contained the following spells:

 Spells                   Type           Power      Damage    Failure   Level
 Portal Projectile        Hex/Tloc       0%         N/A       99%         3
 Tukima's Dance           Hex            0%         N/A       99%         3
 Blade Hands              Tmut           0%         N/A       100%        5


Dungeon Overview and Level Annotations

Branches:
Dungeon (2/15)

Altars:

Annotations:
D:2 Sigmund


Innate Abilities, Weirdness & Mutations

You have a pair of horns on your head.
You reflexively headbutt those who attack you in melee.


Message History

Found an escape hatch in the ceiling.
Sigmund shouts!
The hobgoblin shouts!
There are monsters nearby!
There are monsters nearby!
Found a scroll of immolation.
Found a faded altar of an unknown god.
A gnoll comes into view. It is wielding a +0 spear.
A gnoll comes into view. It is wielding a +0 club.
The gnoll shouts! x2
A gnoll comes into view. It is wielding a +0 spear.
Sigmund screams, "Die, monster!"
The hobgoblin barely misses you. Sigmund hits you with a +0 scythe.
You barely miss Sigmund. You closely miss the hobgoblin.
The hobgoblin hits you.
Sigmund screams, "I am the angel of ZOT!!!"
Sigmund hits you with a +0 scythe.
You slash Sigmund! You headbutt Sigmund, but do no damage.
Sigmund is heavily wounded.
You slash the hobgoblin!
You kill the hobgoblin!
The gnoll hits you from afar with a +0 spear.
You closely miss Sigmund. You headbutt Sigmund!
Sigmund is severely wounded.
The gnoll hits you from afar with a +0 spear.
* * * LOW HITPOINT WARNING * * *
Sigmund gestures wildly while chanting.
Sigmund flickers and vanishes!
Deactivating autopickup; reactivate with Ctrl-A.
The gnoll hits you from afar with a +0 spear.
* * * LOW HITPOINT WARNING * * *
Something hits you but does no damage. You block the gnoll's attack.
You closely miss something. Your headbutt misses something. You hit the gnoll.
The gnoll hits you but does no damage. The gnoll closely misses you.
The gnoll hits you with a +0 club.
* * * LOW HITPOINT WARNING * * *
Something hits you but does no damage.
You miss something. You closely miss the gnoll.
The gnoll hits you from afar with a +0 spear.
* * * LOW HITPOINT WARNING * * *
The gnoll hits you from afar with a +0 spear.
You die...

..............# #......#
.......#....#.#####......#
.......#....#....##......#
.......#....####.#########
.......#######...#...##
.........<............##
...........!...........#
......# .##..#...†......
###.#.@{.....#
#.......gg.....
.....##..#g....P .....
...###.... ._.......# ....
..##.....# ... . ..#...# .
.......#


You could see 3 gnolls.

Vanquished Creatures
  3 endoplasms (D:1)
  3 hobgoblins
  A quokka (D:2)
  2 bats
  A frilled lizard (D:1)
  A kobold (D:1)
  A rat (D:1)
12 creatures vanquished.

Notes
Turn   | Place    | Note
-------+----------+-------------------------------------------
     0 | D:1      | GigaChad the Minotaur Fighter began the quest for the Orb.
     0 | D:1      | Reached XP level 1. HP: 19/19 MP: 0/0
   259 | D:1      | Reached skill level 4 in Fighting
   278 | D:1      | Reached XP level 2. HP: 27/27 MP: 1/1
   747 | D:2      | Noticed Sigmund
   748 | D:2      | Found a faded altar of an unknown god.
   757 | D:2      | HP: 1/27 [gnoll/+0 spear (3)]
   757 | D:2      | Slain by a gnoll

Illustrated notes

Levels and vault maps discovered:
D:1:      tarquinn_simple_flora_water_a, layout_rooms,
          chequers_serial_rivers_micro_e
D:2:      layout_rooms, hellmonk_ecumenical_altar_blasted,
          corexii_item_surrounded_by_moat, nicolae_grassy_gnolls, uniq_sigmund

Skill      XL: |  1 |
---------------+----+-----
Fighting       | 4 |  4.1
Axes           | |  2.5
Armour         | |  3.9
Shields        | |  3.7

Action                   || total
-------------------------++-------
Melee: War axe           ||    20
       Headbutt          ||     4
Armor: Scale mail        ||    21
Dodge: Dodged            ||    16
Block: Buckler           ||     3
